 Dungeon Crawl Stone Soup version 0.28-a0-1624-g820543e53a (webtiles) character file.

Game seed: 4880082441932963615

14179 HallandMoats the Fighter (level 12, -4/106 HPs)
             Began as a Ghoul Fighter on Jan 24, 2022.
             Was the Champion of Cheibriados.
             Slain by a boulder beetle (57 damage)
             ... on level 12 of the Dungeon.
             The game lasted 00:18:53 (12755 turns).

HallandMoats the Fighter (Ghoul Fighter)           Turns: 12755, Time: 00:18:53

Health: -4/106     AC: 14    Str: 38    XL:     12   Next: 13%
Magic:  26/26      EV: 15    Int: 21    God:    Cheibriados [******]
Gold:   916        SH: 12    Dex: 25    Spells: 11/11 levels left

rFire   + . .      SeeInvis .   b - +1 spear (venom)
rCold   + . .      Faith    .   c - +0 buckler
rNeg    + + +      Spirit   .   m - +4 ring mail {rPois}
rPois   ∞          Reflect  +   I - +2 helmet {Int+3}
rElec   .          Harm     .   (no cloak)
rCorr   .          Rampage  .   (no gloves)
Will    .....                   n - +0 pair of boots
Stlth   +.........              F - amulet of reflection
HPRegen 0.00/turn               J - ring of magical power
MPRegen 0.20/turn               K - ring of protection from fire

@: inhibited regen, very slow
A: claws 1, cold resistance 1, negative energy resistance 3, inhibited
regeneration, torment resistance 2
a: Renounce Religion, Bend Time, Temporal Distortion, Slouch, Step From Time


You were on level 12 of the Dungeon.
You worshipped Cheibriados.
Cheibriados was exalted by your worship.
You visited 1 branch of the dungeon, and saw 12 of its levels.

You collected 916 gold pieces.

Inventory:

Hand Weapons
 a - a +2 vampiric hand axe
 b - a +1 spear of venom (weapon)
 B - a +0 hunting sling of flaming
 P - the +6 shillelagh "Devastator" {shatter}
   (You found it on level 9 of the Dungeon)

   It releases a powerful concussive burst when it strikes, dealing extra damage
   to the target and all other foes adjacent to them.
 S - a +3 scimitar of flaming
Missiles
 s - 46 sling bullets
 t - 263 stones (quivered)
 x - 5 throwing nets
Armour
 c - a +0 buckler (worn)
 m - a +4 ring mail of poison resistance (worn)
 n - a +0 pair of boots (worn)
 I - a +2 helmet of intelligence (worn)
Jewellery
 o - an amulet of regeneration
 F - an amulet of reflection (around neck)
 J - a ring of magical power (left claw)
 K - a ring of protection from fire (right claw)
 Q - a +4 ring of protection
Wands
 d - a wand of flame (22)
 i - a wand of polymorph (12)
 v - a wand of digging (3)
 D - a wand of paralysis (9)
 E - a wand of iceblast (26)
 R - a wand of acid (1)
Scrolls
 f - 4 scrolls of teleportation
 g - a scroll of torment {unknown}
 h - a scroll of fear {unknown}
 j - a scroll of fog
 p - a scroll of immolation
 q - a scroll of blinking {unknown}
 r - a scroll of magic mapping
 u - 2 scrolls of silence
 w - 4 scrolls of identify
 y - a scroll of brand weapon
 C - a scroll of amnesia
 N - 2 scrolls of enchant armour {unknown}
Potions
 e - 3 potions of lignification
 k - a potion of attraction
 l - 3 potions of curing
 z - 2 potions of cancellation {unknown}
 A - a potion of resistance {unknown}
 G - 2 potions of mutation {unknown}
 H - 2 potions of heal wounds {unknown}
 L - a potion of invisibility
 M - a potion of ambrosia
 O - a potion of flight {unknown}


   Skills:
 * Level 10.0 Fighting
 * Level 8.1 Axes
 * Level 7.4 Slings
 + Level 6.1 Armour
 + Level 5.4 Dodging
 - Level 5.0 Shields
 * Level 9.1 Invocations


You had 11 spell levels left.
You didn't know any spells.
Your spell library contained the following spells:

 Spells                   Type           Power      Damage    Failure   Level
 Call Canine Familiar     Summ           0%         N/A       65%         3
 Frozen Ramparts          Ice            0%         1d2       65%         3
 Portal Projectile        Hex/Tloc       0%         N/A       65%         3
 Leda's Liquefaction      Hex/Erth       0%         N/A       96%         4
 Summon Ice Beast         Ice/Summ       0%         N/A       96%         4
 Yara's Violent Unravell  Hex/Tmut       0%         3d3       100%        5
 Shatter                  Erth           0%         3d5*      100%        9
 Ice Form                 Ice/Tmut       Unusable   N/A       N/A         4
 Statue Form              Tmut/Erth      Unusable   N/A       N/A         6

Dungeon Overview and Level Annotations

Branches:
Dungeon (12/15)            Temple (0/1) D:6            Lair (0/6) D:10
    Orc (0/2) D:10

Altars:
Ashenzari
Cheibriados
Fedhas
Gozag
Nemelex Xobeh
Qazlal
Uskayaw
Vehumet
The Shining One
Jiyva

Annotations:
D:6 2 runed translucent doors
D:11 3 runed translucent doors, Bearnado's ghost, journeyman MiBe


Innate Abilities, Weirdness & Mutations

You thrive by killing the living.
You are immune to poison.
You have sharp fingernails.
Your flesh is cold resistant. (rC+)
You are immune to negative energy. (rN+++)
You do not regenerate when monsters are visible.
You are immune to unholy pain and torment.


Message History

The boulder beetle is severely wounded.
The boulder beetle barely misses you.
You hit the boulder beetle but do no damage.
The boulder beetle is severely wounded.
You block the boulder beetle's attack.
You hit the boulder beetle.
The boulder beetle shudders.
The boulder beetle is severely wounded.
You block the boulder beetle's attack.
You thump the boulder beetle!
The boulder beetle shudders.
The boulder beetle is almost dead. x2
The boulder beetle bites you!!
You are too injured to fight recklessly!
You are too injured to fight recklessly!
You are too injured to fight recklessly!
You are too injured to fight recklessly!
You are too injured to fight recklessly!
You hit the boulder beetle.
The boulder beetle shudders.
The boulder beetle is almost dead.
You block the boulder beetle's attack.
Your +1 spear of venom begins to drip with poison!
b - a +1 spear of venom (weapon)
The boulder beetle closely misses you.
Reach: b) +1 spear (venom)
Press: ? - help, Dir - move target, f - boulder beetle
Aim: a boulder beetle (almost dead, about 8% to evade your +1 spear of venom)
You hit the boulder beetle but do no damage.
The boulder beetle is almost dead.
The boulder beetle leaps!
The boulder beetle leaps!
Reach: b) +1 spear (venom)
Press: ? - help, Dir - move target, f/p - boulder beetle
Aim: a boulder beetle (severely wounded, about 8% to evade your +1 spear of venom)
You reach to attack!
You hit the boulder beetle but do no damage.
The boulder beetle is severely wounded.
The boulder beetle leaps!
The boulder beetle curls into a ball and begins rolling!
The boulder beetle hits you!!!
Ouch! That really hurt!
You die...

####....###
#......# #......#
#......# #..○..[#
###○...# #○...#
#B...# #@...#
.#########..^.#
..............##
..................
.......#######....
....... ....#
....... ....#
....... ...#
:......


You could see a boulder beetle (rolling).

Vanquished Creatures
  Harold (D:7)
  Erica (D:11)
  A two-headed ogre (D:10)
  Pikel (D:5)
  2 cyclopes
  A manticore (D:11)
  An ugly thing (D:9)
  A gargoyle (D:12)
  A komodo dragon (D:11)
  Maggie (D:7)
  Grinder (D:5)
  A shadow (D:11)
  2 wyverns (D:10)
  A basilisk (D:10)
  18 yaks
  2 steam dragons
  2 vampire mosquitoes (D:11)
  Menkaure (D:5)
  An acid dragon (D:11)
  4 water moccasins (D:10)
  2 black bears
  2 sky beasts (D:7)
  4 necrophages
  7 orc warriors
  An ogre (D:6)
  8 centaurs
  2 kobold brigands
  3 bullfrogs
  3 scorpions
  A water moccasin skeleton (D:5)
  7 wights
  A bullfrog zombie (D:6)
  A lava snake (D:12)
  A centaur skeleton (D:7)
  4 hounds
  A jelly (D:5)
  2 centaur zombies
  12 orc priests
  2 gnoll shamans
  6 iguanas
  Ijyb (D:3)
  9 orc wizards
  A killer bee zombie (D:6)
  A howler monkey zombie (D:9)
  14 gnolls
  10 adders
  2 white imps
  An ufetubus (D:5)
  An adder skeleton (D:4)
  2 worms
  2 dart slugs (D:1)
  33 orcs
  7 bats
  4 endoplasms
  8 hobgoblins
  10 jackals
  5 quokkas
  13 ball pythons
  3 frilled lizards
  8 goblins
  24 kobolds
  5 rats
278 creatures vanquished.

Vanquished Creatures (others)
  A deep elf pyromancer (D:7)
  2 bushes (D:10)
  5 fungi
  22 plants
30 creatures vanquished.

Grand Total: 308 creatures vanquished

Notes
Turn   | Place    | Note
-------+----------+-------------------------------------------
     0 | D:1      | HallandMoats the Ghoul Fighter began the quest for the Orb.
     0 | D:1      | Reached XP level 1. HP: 19/19 MP: 0/0
   273 | D:1      | Reached XP level 2. HP: 20/26 MP: 1/1
   561 | D:1      | Reached XP level 3. HP: 21/33 MP: 2/2
   873 | D:1      | Reached skill level 1 in Dodging
  1249 | D:2      | Reached skill level 4 in Fighting
  1302 | D:2      | Reached XP level 4. HP: 39/40 MP: 3/3
  1514 | D:2      | Found a faded altar of an unknown god.
  1532 | D:2      | Prayed at the altar of an unknown god.
  1532 | D:2      | Became a worshipper of Cheibriados the Contemplative
  1532 | D:2      | Reached * piety under Cheibriados
  1704 | D:3      | Noticed Ijyb
  1714 | D:3      | Killed Ijyb
  1954 | D:3      | Found a broken altar of Ashenzari.
  2010 | D:3      | Reached XP level 5. HP: 47/47 MP: 4/4
  2090 | D:3      | Reached skill level 1 in Invocations
  2259 | D:3      | Reached ** piety under Cheibriados
  3466 | D:4      | HP: 1/47 [orc priest/divine providence (16)]
  3480 | D:4      | Reached XP level 6. HP: 32/53 MP: 6/6
  3696 | D:4      | Reached skill level 1 in Slings
  4386 | D:5      | Entered Level 5 of the Dungeon
  4394 | D:5      | Noticed Grinder
  4396 | D:5      | Paralysed by Grinder for 5 turns
  4421 | D:5      | Paralysed by Grinder for 5 turns
  4425 | D:5      | Killed Grinder
  4426 | D:5      | Reached skill level 5 in Fighting
  4426 | D:5      | Reached XP level 7. HP: 40/61 MP: 6/8
  4517 | D:5      | Reached *** piety under Cheibriados
  4552 | D:5      | Found a stormy altar of Qazlal.
  4570 | D:5      | Noticed Pikel
  4589 | D:5      | Killed Pikel
  4590 | D:5      | Reached XP level 8. HP: 37/70 MP: 8/10
  4649 | D:5      | Got the Papyrus of the Dusty Oath
  4719 | D:5      | Reached skill level 6 in Fighting
  5033 | D:5      | Found an opulent altar of Gozag.
  5137 | D:5      | Noticed Menkaure
  5155 | D:5      | Killed Menkaure
  5156 | D:5      | Reached XP level 9. HP: 41/78 MP: 11/11
  5254 | D:5      | Reached **** piety under Cheibriados
  5621 | D:6      | Reached skill level 5 in Invocations
  5749 | D:6      | Reached skill level 5 in Axes
  5754 | D:6      | Found a runed translucent door.
  5769 | D:6      | Found a runed translucent door.
  5828 | D:6      | Found a sparkling altar of Nemelex Xobeh.
  5875 | D:6      | Found a staircase to the Ecumenical Temple.
  6148 | D:6      | Found a hide-covered altar of Uskayaw.
  6148 | D:6      | Found a radiant altar of Vehumet.
  6345 | D:6      | Reached skill level 7 in Fighting
  6447 | D:6      | Reached ***** piety under Cheibriados
  6667 | D:7      | Noticed Harold
  6696 | D:7      | Killed Harold
  6697 | D:7      | Reached XP level 10. HP: 38/86 MP: 13/13
  6999 | D:7      | Noticed Maggie
  7019 | D:7      | Killed Maggie
  7020 | D:7      | Reached skill level 5 in Slings
  7506 | D:7      | Found a blossoming altar of Fedhas.
  7531 | D:7      | Noticed a deep elf pyromancer
  7541 | D:7      | Killed a deep elf pyromancer
  7542 | D:7      | Reached skill level 5 in Shields
  7589 | D:7      | Reached skill level 8 in Fighting
  7610 | D:7      | Reached skill level 5 in Armour
  8867 | D:9      | Noticed a cyan ugly thing
  8894 | D:9      | Killed a cyan ugly thing
  9386 | D:9      | Reached XP level 11. HP: 75/95 MP: 15/15
  9827 | D:9      | Found the +6 shillelagh "Devastator" {shatter}
  9870 | D:10     | Entered Level 10 of the Dungeon
 10182 | D:10     | Reached skill level 9 in Fighting
 10185 | D:10     | Reached ****** piety under Cheibriados
 10203 | D:10     | Found a staircase to the Orcish Mines.
 10271 | D:10     | Found a staircase to the Lair.
 11221 | D:11     | Noticed a manticore
 11231 | D:11     | Killed a manticore
 11232 | D:11     | Reached skill level 5 in Dodging
 11304 | D:11     | Noticed a two-headed ogre
 11312 | D:10     | Killed a two-headed ogre
 11621 | D:11     | Found a runed translucent gate.
 11621 | D:11     | Found a runed translucent gate.
 11621 | D:11     | Found a runed translucent gate.
 11622 | D:11     | Noticed Bearnado's ghost (journeyman MiBe)
 11636 | D:11     | Found a viscous altar of Jiyva.
 11874 | D:11     | Noticed a cyclops
 11878 | D:11     | Killed a cyclops
 11879 | D:11     | Reached XP level 12. HP: 99/106 MP: 17/17
 12177 | D:11     | Noticed Erica
 12194 | D:11     | Killed Erica
 12195 | D:11     | Reached skill level 10 in Fighting
 12713 | D:12     | Noticed a boulder beetle
 12755 | D:12     | Slain by a boulder beetle

Illustrated notes

Levels and vault maps discovered:
D:1:      elethiomel_arrival_maze, layout_rooms
D:2:      minmay_skewed_foursquare, layout_rooms,
          dreamdust_ecumenical_altar_grove
D:3:      layout_basic, mainiacjoe_overflow_alcove_1, uniq_ijyb
D:4:      layout_layer_cave, kennysheep_generic_room_15
D:5:      layout_loops_ring, nicolae_gozag_cash_rules_everything_around_me,
          nicolae_qazlal_general_emergency, uniq_grinder, uniq_menkaure,
          uniq_pikel
D:6:      lemuel_insect_pit, layout_loops_corners,
          nicolae_overflow_crystal_walls, gammafunk_temple_overflow_claw,
          minmay_temple_entry_proselytizer
D:7:      layout_loops_ring, fedhas_altar_4, chequers_serial_rivers_large_b,
          moated_statue, minmay_misc_feat_enclosed, minmay_tree_intersection,
          uniq_maggie, uniq_harold
D:8:      layout_loops_ring
D:9:      layout_long_grid
D:10:     layout_gridville, minmay_lair_entry_grove, david_orc_3
D:11:     layout_loops_ring, gammafunk_ghost_ooze, uniq_erica
D:12:     layout_irregular_city, kennysheep_opposing_triangles

Skill      XL: |  1  2  3  4  5  6  7  8  9 10 11 12 |
---------------+-------------------------------------+-----
Axes           | 2 3 4 5 6 7 8 |  8.1
Dodging        | 1 2 3 4 5 |  5.4
Fighting       | 4 5 6 7 8 9 10 | 10.0
Shields        | 3 4 5 |  5.0
Armour         | 3 4 5 6 |  6.1
Invocations    | 1 2 4 6 7 8 9 |  9.1
Slings         | 1 2 3 4 5 7 |  7.4

Action                   |  1- 3 |  4- 6 |  7- 9 | 10-12 || total
-------------------------+-------+-------+-------+-------++-------
Melee: War axe           |   112 |    62 |       |       ||   174
       Dagger            |       |    59 |    64 |       ||   123
       Spear             |       |       |   183 |   545 ||   728
       Shillelagh        |       |       |       |    80 ||    80
 Fire: Hunting sling     |       |    86 |   117 |     2 ||   205
Throw: Stone             |       |       |     1 |     2 ||     3
Invok: Bend Time         |       |       |       |     2 ||     2
       Step From Time    |       |       |       |     1 ||     1
Evoke: Wand              |       |       |       |     4 ||     4
  Use: Potion            |       |     7 |     2 |       ||     9
       Scroll            |       |       |     7 |       ||     7
 Stab: Sleeping          |       |       |       |     1 ||     1
       Distracted        |       |       |       |     1 ||     1
Armor: Scale mail        |    69 |    15 |       |       ||    84
       Ring mail         |       |    99 |   122 |   131 ||   352
Dodge: Dodged            |    61 |   144 |   173 |   235 ||   613
Block: Buckler           |    22 |    54 |    89 |   302 ||   467
       Reflection        |       |       |       |    16 ||    16

Table legend: (Time is in decaauts)
 A = Elapsed time spent in this place.
 B = Non-inter-level travel time spent in this place.
 C = Inter-level travel time spent in this place.
 D = Time resting spent in this place.
 E = Time spent auto-exploring this place.
 F = Levels seen in this place.
 G = Mean time per level.
                   A        B        C        D        E       F      G
               +--------+--------+--------+--------+--------+-----+--------+
         Total |  17741 |  16885 |    856 |    560 |  13415 |  12 | 1478.4 |
       Dungeon |  17741 |  16885 |    856 |    560 |  13415 |  12 | 1478.4 |
               +--------+--------+--------+--------+--------+-----+--------+

Top non-repeatable levels by time:
     D:7: 2068 daAuts
     D:3: 1979 daAuts
    D:10: 1893 daAuts
     D:6: 1713 daAuts
     D:4: 1705 daAuts
     D:5: 1636 daAuts
    D:11: 1619 daAuts
     D:9: 1526 daAuts
     D:8: 1412 daAuts
     D:1: 1002 daAuts
     D:2: 767 daAuts
    D:12: 418 daAuts
